 Dungeon Crawl Stone Soup version 0.26-a0-612-gd4d190f45e (webtiles) character file.

Game seed: 7337790182961250074

224 Gargoyl the Skirmisher (level 6, -4/53 HPs)
             Began as a Gnoll Abyssal Knight on Sept 8, 2020.
             Was a Believer of Lugonu.
             Killed from afar by an electric eel (13 damage)
             ... with a bolt of electricity
             ... on level 3 of the Dungeon.
             The game lasted 00:02:59 (1587 turns).

Gargoyl the Skirmisher (Gnoll Abyssal Knight)       Turns: 1587, Time: 00:02:59

Health: -4/53      AC: 12    Str: 22    XL:     6   Next: 0%
Magic:  0/9        EV:  8    Int: 15    God:    Lugonu [**....]
Gold:   177        SH:  0    Dex: 14    Spells: 8/8 levels left

rFire    . . .     SeeInvis .   a - +1 hand axe
rCold    . . .     Faith    .   (no shield)
rNeg     . . .     Spirit   +   c - +0 plate armour
rPois    .         Reflect  .   (no helmet)
rElec    .         Harm     .   (no cloak)
rCorr    .                      (no gloves)
MR       +....                  (no boots)
Stlth    ..........             l - amulet of guardian spirit
HPRegen  0.17/turn              d - +6 ring of strength
MPRegen  0.11/turn              g - ring of protection from magic

@: brilliant
A: distributed training, fangs 1, strong nose
a: Depart the Abyss, Bend Space, Renounce Religion


You were on level 3 of the Dungeon.
You worshipped Lugonu.
Lugonu was pleased with you.
You visited 1 branch of the dungeon, and saw 3 of its levels.
You visited the Abyss 1 time.

You collected 177 gold pieces.

Inventory:

Hand Weapons
 a - a +1 hand axe (weapon)
 f - a +0 war axe
Armour
 c - a +0 plate armour (worn)
Jewellery
 d - a +6 ring of strength (left hand)
 g - a ring of protection from magic (right hand)
 i - an uncursed ring of protection from fire
 l - an amulet of guardian spirit (around neck)
Wands
 b - a wand of iceblast (5)
 o - a wand of flame (5)
Scrolls
 e - a scroll of noise {unknown}
 j - 2 scrolls of teleportation
 n - a scroll of fog {unknown}
Potions
 h - a potion of might {unknown}
 k - 2 potions of brilliance
 m - a potion of curing {unknown}


   Skills:
 + Level 6.7 Fighting
 + Level 1.7 Short Blades
 + Level 1.7 Long Blades
 + Level 4.9 Axes
 + Level 1.7 Maces & Flails
 + Level 1.7 Polearms
 + Level 1.7 Staves
 + Level 1.7 Slings
 + Level 1.7 Bows
 + Level 1.7 Crossbows
 + Level 1.7 Throwing
 + Level 4.9 Armour
 + Level 3.1 Dodging
 + Level 1.7 Stealth
 + Level 1.7 Shields
 + Level 1.7 Unarmed Combat
 + Level 1.7 Spellcasting
 + Level 1.3 Conjurations
 + Level 1.3 Hexes
 + Level 1.3 Summonings
 + Level 1.3 Necromancy
 + Level 1.3 Translocations
 + Level 1.3 Transmutations
 + Level 1.3 Fire Magic
 + Level 1.3 Ice Magic
 + Level 1.3 Air Magic
 + Level 1.3 Earth Magic
 + Level 1.3 Poison Magic
 + Level 5.0 Invocations
 + Level 1.7 Evocations


You had 8 spell levels left.
You didn't know any spells.
Your spell library was empty.

Dungeon Overview and Level Annotations

Branches:
Dungeon (3/15)

Altars:
Ashenzari
Dithmenos
Hepliaklqana
Okawaru
Sif Muna
Yredelemnul

Annotations:
D:3 1 transporter


Innate Abilities, Weirdness & Mutations

Your experience applies equally to all skills.
You have very sharp teeth.
Your uncanny sense of smell can sniff out nearby items.


Message History

o - a wand of flame (5)
You open the door.
The electric eel shoots out a bolt of lightning at you!
The bolt of electricity hits you! x2
The electric eel shoots out a bolt of lightning at you!
The bolt of electricity hits you. x2
There is an open door here.
You hit the electric eel.
The electric eel is lightly wounded.
You hit the electric eel but do no damage.
The electric eel shoots out a bolt of lightning at you!
The bolt of electricity hits you.
The electric eel shoots out a bolt of lightning at you!
The bolt of electricity hits you! x2
* * * LOW HITPOINT WARNING * * *
It was a potion of brilliance.
You feel clever all of a sudden.
The electric eel shoots out a bolt of lightning at you!
The bolt of electricity hits you!
You die...

..## #..##
####...####
#....©....#
#.#######.#
#.#8.©$8#[#
#.#P...P#.#
#.###'###.#
#.#;@..≈#.#
#.#;...≈#.#
#.#≈≈P≈≈#.#∆
#.#≈≈⌠≈≈#.#
#.#≈PP≈≈#.#
#.#≈P≈≈≈#.#
#.#≈≈≈≈≈#.#
∆
#.###+###.#
#.#P.$.P#.#


You could see 2 electric eels.

Vanquished Creatures
  2 small abominations (Abyss:2)
  An adder (D:2)
  An ooze (D:1)
  3 dart slugs
  A giant cockroach (D:1)
  8 goblins
  5 hobgoblins
  2 jackals (D:1)
  A quokka (D:2)
  2 ball pythons (D:1)
  6 bats
  3 frilled lizards
  3 kobolds (D:1)
  8 rats
46 creatures vanquished.

Notes
Turn   | Place    | Note
-------+----------+-------------------------------------------
     0 | Abyss:1  | Gargoyl the Gnoll Abyssal Knight began the quest for the
                  | Orb.
     0 | Abyss:1  | Reached XP level 1. HP: 23/23 MP: 3/3
    83 | Abyss:1  | Found a corrupted altar of Lugonu.
   259 | Abyss:2  | Noticed a small abomination
   262 | Abyss:2  | Killed a small abomination
   262 | Abyss:2  | Reached skill level 1 in Short Blades
   262 | Abyss:2  | Reached skill level 1 in Long Blades
   262 | Abyss:2  | Reached skill level 1 in Maces & Flails
   262 | Abyss:2  | Reached skill level 1 in Polearms
   262 | Abyss:2  | Reached skill level 1 in Staves
   262 | Abyss:2  | Reached skill level 1 in Slings
   262 | Abyss:2  | Reached skill level 1 in Bows
   262 | Abyss:2  | Reached skill level 1 in Crossbows
   262 | Abyss:2  | Reached skill level 1 in Throwing
   262 | Abyss:2  | Reached skill level 1 in Stealth
   262 | Abyss:2  | Reached skill level 1 in Shields
   262 | Abyss:2  | Reached skill level 1 in Unarmed Combat
   262 | Abyss:2  | Reached skill level 1 in Spellcasting
   262 | Abyss:2  | Reached skill level 1 in Evocations
   262 | Abyss:2  | Reached XP level 2. HP: 29/29 MP: 5/5
   262 | Abyss:2  | Reached XP level 3. HP: 35/35 MP: 6/6
   262 | Abyss:2  | Reached XP level 4. HP: 41/41 MP: 7/7
   291 | Abyss:2  | Noticed a small abomination
   294 | Abyss:2  | Killed a small abomination
   294 | Abyss:2  | Reached skill level 1 in Conjurations
   294 | Abyss:2  | Reached skill level 1 in Hexes
   294 | Abyss:2  | Reached skill level 1 in Summonings
   294 | Abyss:2  | Reached skill level 1 in Necromancy
   294 | Abyss:2  | Reached skill level 1 in Translocations
   294 | Abyss:2  | Reached skill level 1 in Transmutations
   294 | Abyss:2  | Reached skill level 1 in Fire Magic
   294 | Abyss:2  | Reached skill level 1 in Ice Magic
   294 | Abyss:2  | Reached skill level 1 in Air Magic
   294 | Abyss:2  | Reached skill level 1 in Earth Magic
   294 | Abyss:2  | Reached skill level 1 in Poison Magic
   294 | Abyss:2  | Reached XP level 5. HP: 47/47 MP: 8/8
   296 | Abyss:2  | Noticed an ancient zyme
   330 | Abyss:3  | Noticed a brown very ugly thing
   341 | Abyss:3  | Noticed a flying skull
   342 | Abyss:3  | Noticed a flying skull
   347 | D:1      | Escaped the Abyss
   470 | D:1      | Reached * piety under Lugonu
   553 | D:1      | You fall into a shaft and drop 1 floor!
  1172 | D:2      | Found a shadowy altar of Dithmenos.
  1330 | D:2      | Reached skill level 5 in Invocations
  1353 | D:2      | Found a hazy altar of Hepliaklqana.
  1354 | D:2      | Found an iron altar of Okawaru.
  1354 | D:2      | Found a shimmering blue altar of Sif Muna.
  1355 | D:2      | Found a shattered altar of Ashenzari.
  1361 | D:2      | Reached ** piety under Lugonu
  1438 | D:2      | Found a basalt altar of Yredelemnul.
  1537 | D:3      | Reached XP level 6. HP: 53/53 MP: 9/9
  1556 | D:3      | Found a transporter.
  1569 | D:3      | Found a transporter.
  1587 | D:3      | Killed from afar by an electric eel

Illustrated notes

Levels and vault maps discovered:
D:1:      arrival_zaba_pyramid, layout_basic, grunt_decor_cap, st_stairs_9
D:2:      layout_basic, chequers_temple_overflow_statue_of_worship,
          lemuel_crystal_altar, yredelemnul_altar_generic
D:3:      gammafunk_steamed_eel, layout_basic, zin_statuary, trog_book

Skill      XL: |  1  2  3  4  5 |
---------------+----------------+-----
Short Blades   | 1 |  1.7
Long Blades    | 1 |  1.7
Maces & Flails | 1 |  1.7
Polearms       | 1 |  1.7
Staves         | 1 |  1.7
Slings         | 1 |  1.7
Bows           | 1 |  1.7
Crossbows      | 1 |  1.7
Throwing       | 1 |  1.7
Stealth        | 1 |  1.7
Shields        | 1 |  1.7
Unarmed Combat | 1 |  1.7
Spellcasting   | 1 |  1.7
Evocations     | 1 |  1.7
Dodging        | 3 |  3.1
Conjurations   | 1 |  1.3
Hexes          | 1 |  1.3
Summonings     | 1 |  1.3
Necromancy     | 1 |  1.3
Translocations | 1 |  1.3
Transmutations | 1 |  1.3
Fire Magic     | 1 |  1.3
Ice Magic      | 1 |  1.3
Air Magic      | 1 |  1.3
Earth Magic    | 1 |  1.3
Poison Magic   | 1 |  1.3
Invocations    | 5 |  5.0
Fighting       | |  6.7
Axes           | |  4.9
Armour         | |  4.9

Action                   |  1- 3 |  4- 6 || total
-------------------------+-------+-------++-------
Melee: Hand axe          |       |   102 ||   102
       Bite              |       |    11 ||    11
       Punch             |       |     1 ||     1
Invok: Depart the Abyss  |       |     1 ||     1
Evoke: Wand              |     2 |     4 ||     6
  Use: Scroll            |     2 |     1 ||     3
       Potion            |       |     2 ||     2
Armor: Plate armour      |       |    87 ||    87
Dodge: Dodged            |       |    41 ||    41

Table legend: (Time is in decaauts)
 A = Elapsed time spent in this place.
 B = Non-inter-level travel time spent in this place.
 C = Inter-level travel time spent in this place.
 D = Time resting spent in this place.
 E = Time spent auto-exploring this place.
 F = Levels seen in this place.
 G = Mean time per level.
                   A        B        C        D        E       F      G
               +--------+--------+--------+--------+--------+-----+--------+
         Total |   1591 |   1525 |     66 |     31 |   1110 |   6 |  265.2 |
       Dungeon |   1245 |   1179 |     66 |     31 |    847 |   3 |  415.0 |
         Abyss |    346 |    346 |      0 |      0 |    263 |   3 |  115.3 |
               +--------+--------+--------+--------+--------+-----+--------+

Top non-repeatable levels by time:
     D:1: 796 daAuts
     D:2: 385 daAuts
 Abyss:2: 154 daAuts
 Abyss:1: 145 daAuts
     D:3: 63 daAuts
 Abyss:3: 46 daAuts
